 Dungeon Crawl Stone Soup version 0.20.1-1-g8b1a95d (webtiles) character file.

52 Ymberti the Firebug (level 3, -1/19 HPs)
             Began as a Deep Elf Fire Elementalist on Sept 17, 2017.
             Slain by a worm (10 damage)
             ... on level 2 of the Dungeon.
             The game lasted 00:06:32 (1405 turns).

Ymberti the Firebug (Deep Elf Fire Elementalist)    Turns: 1405, Time: 00:06:33

Health: -1/19      AC:  2    Str:  5    XL:     3   Next: 60%
Magic:  3/10       EV: 13    Int: 20    God:
Gold:   73         SH:  0    Dex: 15    Spells: 3/9 levels left

rFire    x . .     SeeInvis .   f - +0 short sword
rCold    + . .     Gourm    .   (no shield)
rNeg     . . .     Faith    .   a - +0 robe
rPois    .         Spirit   .   (no helmet)
rElec    .         Reflect  .   (no cloak)
rCorr    .         Harm     .   (no gloves)
MR       .....                  (no boots)
Stlth    ++........             (no amulet)
Regen    0.1/turn               h - ring of ice
MPRegen  0.2/turn               (no ring)

@: very slightly contaminated
A: no striking features
a: no special abilities


You were on level 2 of the Dungeon.
You were not hungry.

You visited 1 branch of the dungeon, and saw 2 of its levels.

You collected 73 gold pieces.

Inventory:

Hand Weapons
 f - a +0 short sword (weapon)
Armour
 a - a +0 robe (worn)
Jewellery
 h - a ring of ice (left hand)
Scrolls
 d - a scroll of magic mapping
 e - a scroll of identify
Books
 b - a book of Flames

   Spells                             Type                      Level
   a - Flame Tongue                   Conjuration/Fire             1
   b - Throw Flame                    Conjuration/Fire             2
   c - Conjure Flame                  Conjuration/Fire             3
   d - Inner Flame                    Hexes/Fire                   3
   e - Sticky Flame                   Conjuration/Fire             4
   f - Fireball                       Conjuration/Fire             5
Comestibles
 c - 2 bread rations


   Skills:
 + Level 0.2 Fighting
 + Level 2.8 Dodging
 + Level 2.8 Stealth
 + Level 3.5 Spellcasting
 + Level 1.4 Conjurations
 + Level 4.1 Fire Magic


You had 3 spell levels left.
You knew the following spells:

 Your Spells              Type           Power        Failure   Level  Hunger
a - Flame Tongue          Conj/Fire      ##...        4%          1    None
b - Throw Flame           Conj/Fire      ##....       6%          2    ##.....
c - Conjure Flame         Conj/Fire      ##......     13%         3    ###....


Dungeon Overview and Level Annotations

Branches:
Dungeon (2/15)

Altars:


Message History

The worm is severely wounded.
The worm bites you!
Ouch! That really hurt!
The dart slug moves out of view.
Casting: Flame Tongue
Confirm with . or Enter, or press ? or * to list all spells.
Aiming: Flame Tongue
Press: ? - help, Shift-Dir - straight line, f/p - worm
Aim: a worm (severely wounded)
The flame tongue hits the worm.
The worm is almost dead.
Casting: Flame Tongue
Confirm with . or Enter, or press ? or * to list all spells.
Aiming: Flame Tongue
Press: ? - help, Shift-Dir - straight line, f/p - worm
Aim: a worm (almost dead)
You miscast Flame Tongue.
You feel a strange surge of energy! The worm bites you!
Ouch! That really hurt!
You die...

...# #.# #. #.## ... .# #.#
#. #.# #.. .# #.# #. #.#
#..###.# #.###. #.##
#..#.#.# #..... ...##
#......# #######..... .<..#
#......# #.......###. ....#
#.ww..# #.####### #.
###.###### #@# #.# #.
........... ..#.# #.# ##.
.##.###.### #.#.# #.# ##.#
.##.# #.# #.#.# #.# ##.##
.##.# #.# #.#.#
###.######.## .##.# #.#
#.#.# #..#......##
.##.###.## ##.#.#
#.#.######.###
....##...####....###.#....#
##.#.
........†............####.#
##..


You could see a worm and a dart slug.

Vanquished Creatures
  2 adders
  3 worms (D:2)
  2 leopard geckos
  A giant cockroach (D:1)
  2 goblins
  6 hobgoblins
  4 bats
  2 frilled lizards (D:1)
  2 kobolds
  A rat (D:2)
25 creatures vanquished.

Notes
Turn   | Place    | Note
-------+----------+-------------------------------------------
     0 | D:1      | Ymberti the Deep Elf Fire Elementalist began the quest for the Orb.
     0 | D:1      | Reached XP level 1. HP: 10/10 MP: 6/6
   414 | D:1      | Reached XP level 2. HP: 15/15 MP: 6/8
   928 | D:2      | Reached skill level 4 in Fire Magic
   963 | D:2      | Reached XP level 3. HP: 13/19 MP: 6/9
   978 | D:2      | Learned a level 2 spell: Throw Flame
   982 | D:2      | Learned a level 3 spell: Conjure Flame
  1405 | D:2      | Slain by a worm

Skill      XL: |  1  2 |
---------------+-------+-----
Fire Magic     | 4 |  4.1
Fighting       | |  0.2
Dodging        | |  2.8
Stealth        | |  2.8
Spellcasting   | |  3.5
Conjurations   | |  1.4

Action                   || total
-------------------------++-------
Melee: Short sword       ||    12
 Cast: Flame Tongue      ||    46
  Use: Scroll            ||     4
       Potion            ||     1
 Stab: Sleeping          ||     1
  Eat: Royal jelly       ||     2
Armor: Robe              ||    20
Dodge: Dodged            ||    51
